 Dungeon Crawl Stone Soup version 0.31-a0-339-gda1cbd555d (webtiles) character file.

Game seed: 17957415747759559226

516 Shard1697 the Gusty (level 7, 50/50 HPs)
             Began as a Grey Draconian Air Elementalist on July 21, 2023.
             Was a Follower of Fedhas.
             Quit the game on level 4 of the Dungeon.
             The game lasted 00:06:13 (2705 turns).

Shard1697 the Gusty (DrAE)                          Turns: 2705, Time: 00:06:14

Health: 50/50      AC: 14    Str: 10    XL:     7   Next: 0%
Magic:  12/12      EV: 12    Int: 17    God:    Fedhas [*.....]
Gold:   138        SH:  0    Dex: 12    Spells: 6/13 levels left

rFire   . . .        c - +2 whip (elec)
rCold   . . .        (no shield)
rNeg    . . .        (body armour unavailable)
rPois   .            (helmet restricted)
rElec   .            (no cloak)
rCorr   .            m - +1 pair of gloves
SInv    .            l - +0 pair of boots
Will    .....        (no amulet)
Stlth   ++           k - ring of wizardry
HPRegen 0.28/turn    (no ring)
MPRegen 0.13/turn

%: wizardry (x1)
@: no status effects
A: AC +11, amphibious, unfitting armour, cold-blooded
a: Renounce Religion


You were on level 4 of the Dungeon.
You worshipped Fedhas.
Fedhas was aware of your devotion.
You visited 1 branch of the dungeon, and saw 4 of its levels.

You collected 138 gold pieces.

Inventory:

Hand Weapons
 c - a +2 whip of electrocution (weapon)
 h - a +0 quarterstaff
Armour
 l - a +0 pair of boots (worn)
 m - a +1 pair of gloves (worn)
Jewellery
 f - a ring of poison resistance
 k - a ring of wizardry (left hand)
Wands
 j - a wand of light (10)
Scrolls
 b - 3 scrolls of poison {unknown}
 e - 2 scrolls of amnesia {unknown}
 i - 2 scrolls of noise {unknown}
 n - a scroll of enchant armour {unknown}
Potions
 a - 2 potions of magic
 d - a potion of might {unknown}
 g - a potion of enlightenment


   Skills:
 - Level 1.7 Dodging
 - Level 1.7 Stealth
 + Level 3.9 Spellcasting
 - Level 1.0 Conjurations
 * Level 5.8 Air Magic


You had 6 spell levels left.
You knew the following spells:

 Your Spells              Type           Power      Damage    Failure   Level
a - Shock                 Conj/Air       60%        1d6       1%          1
b - Static Discharge      Conj/Air       30%        2-4/arc   2%          2
f - Airstrike             Air            11%        2d(2-18)  6%          4

Your spell library contained the following spells:

 Spells                   Type           Power      Damage    Failure   Level
 Swiftness                Air            23%        N/A       1%          3
 Summon Ice Beast         Ice/Summ       3%         N/A       52%         4
 Summon Mana Viper        Hex/Summ       3%         N/A       85%         5
 Monstrous Menagerie      Summ           1%         N/A       100%        7


Dungeon Overview and Level Annotations

Branches:
Dungeon (4/15)
 Temple: D:4-7

Altars:
Fedhas
Yredelemnul


Innate Abilities, Weirdness & Mutations

Your dull iron-grey scales are very hard. (AC +11)
You are amphibious.
You cannot fit into any form of body armour.
You are cold-blooded and may be slowed by cold attacks.


Message History

You are no longer poisoned.
You see here an adder corpse.
You see here 5 stones.
Found a mace.
You see here a +0 mace.
Done exploring.
Done exploring.
There is a stone staircase leading down here.
You climb downwards.
Found 14 gold pieces.
There is a stone staircase leading up here.
You now have 126 gold pieces (gained 14).
n - a scroll labelled PEGRAWN MIHI
a - 2 potions of magic (gained 1)
You now have 138 gold pieces (gained 12).
Found a stone staircase leading up and a stone staircase leading down.
i - 2 scrolls labelled UJUEJE NECWO (gained 1)
You open the door.
There is an open door here.
You enter the shallow water.
Moving in this stuff is going to be slow.
A ball python comes into view.
A ball python is nearby!
You cannot walk through the dense trees.
You walk carefully through the plants.
The helpless adder fails to defend itself.
You hit the adder.
The adder is moderately wounded.
The adder bites you but does no damage. The adder bites you.
You hit the adder. Lightning courses through the adder!
You kill the adder!
Fedhas appreciates your contribution to the ecosystem.
You have reached level 7!
Your scales start taking on a dull iron-grey colour.
You learn Air Magic much slower.
Your Air Magic skill lost 2 levels and is now at level 5!
You learn Earth Magic much quicker.
HP restored.
You swim carefully through the plants.
Are you sure you want to abandon this character and quit the game? (Confirm with "yes".)

# ♣ S+ ~♣#♣~#
#♣~♣~♣ ♣~$~♣#♣##.#
♣@♣#♣~##.####
#♣~♣♣~##....#
#♣~P###....#
##'###....#
####....#....#
#<......#....####
###.......##....###
........#.##.......
#.#...#.#.##.......


You could see a ball python (asleep).

Vanquished Creatures
  Grinder (D:3)
  Sigmund (D:2)
  A jelly (D:3)
  An orc wizard (D:3)
  4 adders
  2 worms (D:2)
  3 dart slugs
  5 orcs (D:3)
  7 endoplasms
  4 giant cockroaches
  4 goblins
  6 hobgoblins
  2 jackals (D:1)
  2 quokkas
  4 ball pythons
  2 bats (D:1)
  3 frilled lizards
  7 kobolds
  8 rats (D:2)
67 creatures vanquished.

Notes
Turn   | Place    | Note
-------+----------+-------------------------------------------
     0 | D:1      | Shard1697 the Draconian Air Elementalist began the quest
                  | for the Orb.
     0 | D:1      | Reached XP level 1. HP: 14/14 MP: 3/3
   211 | D:1      | Reached XP level 2. HP: 16/20 MP: 0/5
   798 | D:1      | Learned a level 2 spell: Static Discharge
   812 | D:2      | Noticed Sigmund
   858 | D:2      | Reached XP level 3. HP: 26/26 MP: 7/7
  1457 | D:2      | Killed Sigmund
  1458 | D:2      | Reached skill level 5 in Air Magic
  1458 | D:2      | Reached XP level 4. HP: 18/33 MP: 1/8
  1458 | D:2      | Reached XP level 5. HP: 21/38 MP: 1/9
  1465 | D:2      | Learned a level 4 spell: Airstrike
  1564 | D:2      | Found a faded altar of an unknown god.
  1583 | D:2      | Prayed at the altar of an unknown god.
  1583 | D:2      | Became a worshipper of Fedhas Madash
  1583 | D:2      | Reached * piety under Fedhas
  1778 | D:3      | Reached skill level 6 in Air Magic
  1795 | D:3      | Reached XP level 6. HP: 42/45 MP: 6/10
  1965 | D:3      | Noticed Grinder
  1968 | D:3      | Paralysed by Grinder for 4 turns
  1980 | D:3      | Killed Grinder
  2158 | D:3      | Found a basalt altar of Yredelemnul.
  2281 | D:3      | Reached skill level 7 in Air Magic
  2695 | D:4      | Your scales start taking on a dull iron-grey colour.
  2695 | D:4      | Reduced skill Air Magic to level 5
  2695 | D:4      | Reached XP level 7. HP: 48/50 MP: 12/12
  2705 | D:4      | Quit the game

Illustrated notes

Levels and vault maps discovered:
D:1:      shiori_shiawase, layout_basic
D:2:      cheibrodos_helix_gallery, layout_basic,
          ebering_ecumenical_altar_petrified, minmay_octomino_e4, uniq_sigmund
D:3:      layout_loops_ring, mainiacjoe_overflow_alcove_4,
          minmay_misc_feat_nine_boxes, uniq_grinder
D:4:      layout_basic, minmay_overflow_temple_hex, mainiacjoe_overflow_paths,
          saegor_snake_ambush, uniq_eustachio

Skill      XL: |  1  2  3  4  5  6 |
---------------+-------------------+-----
Spellcasting   | 3 |  3.9
Air Magic      | 5 6 5 |  5.8
Dodging        | |  1.7
Stealth        | |  1.7
Conjurations   | |  1.0

Action                     |  1- 3 |  4- 6 |  7- 9 || total
---------------------------+-------+-------+-------++-------
  Melee: Unarmed           |    16 |       |       ||    16
         Spear             |    48 |       |       ||    48
         Whip              |    31 |    86 |       ||   117
         Tailslap          |     7 |    11 |       ||    18
         Quarterstaff      |     3 |       |       ||     3
   Cast: Shock             |    32 |     6 |       ||    38
         Airstrike         |       |     2 |       ||     2
    Use: Potion            |       |     1 |       ||     1
   Stab: Sleeping          |     1 |     4 |       ||     5
         Distracted        |     1 |       |       ||     1
 Armour: Skin              |    47 |    29 |       ||    76
  Dodge: Dodged            |    68 |    48 |       ||   116

Table legend: (Time is in decaauts)
 A = Elapsed time spent in this place.
 B = Non-inter-level travel time spent in this place.
 C = Inter-level travel time spent in this place.
 D = Time resting spent in this place.
 E = Time spent auto-exploring this place.
 F = Levels seen in this place.
 G = Mean time per level.
                   A        B        C        D        E       F      G
               +--------+--------+--------+--------+--------+-----+--------+
         Total |   2734 |   2635 |     99 |    121 |   1824 |   4 |  683.5 |
       Dungeon |   2734 |   2635 |     99 |    121 |   1824 |   4 |  683.5 |
               +--------+--------+--------+--------+--------+-----+--------+

Top non-repeatable levels by time:
     D:1: 979 daAuts
     D:3: 968 daAuts
     D:2: 728 daAuts
     D:4: 57 daAuts
